 Dungeon Crawl Stone Soup version 0.30-a0-862-g1aabd4f9c5 (webtiles) character file.

Game seed: 2271755078519990406

160454 nooxmaroon the Warrior (level 17, -6/171 HPs)
             Began as a Minotaur Fighter on Feb 23, 2023.
             Was a High Priest of Trog.
             Mangled by a hornet (10 damage)
             ... created by a shambling mangrove
             ... on level 2 of the Swamp on Mar 10, 2023.
             The game lasted 04:37:01 (32090 turns).

nooxmaroon the Warrior (Minotaur Fighter)          Turns: 32090, Time: 04:37:02

Health: -6/171     AC: 22    Str: 27    XL:     17   Next: 18%
Magic:  5/5        EV:  9    Int:  6    God:    Trog [*****.]
Gold:   2892       SH: 14    Dex: 13    Spells: 16/16 levels left

rFire   + + +      SeeInvis .    z - +9 demon trident (antimagic)
rCold   + + .      Faith    .    h - +2 kite shield
rNeg    . . .      Spirit   .    U - +2 plate armour
rPois   +          Reflect  .    R - +0 hat {Stlth+}
rElec   +          Rampage  .    w - scarf {rC+ rF+}
rCorr   +                        I - +0 pair of gloves
Will    +++..                    O - +0 pair of boots of True Grit {+Inv Fly rF++ Int-3} Stlth
                                 S - amulet of regeneration
HPRegen 2.28/turn                v - ring "Semil" {rPois EV+5 Str+3 Int+2}
MPRegen 0.09/turn                K - ring "Fuic" {rElec rC+ rCorr}

@: grasped by roots, strong-willed, flying, regenerating, slowed, constricted,
very slow
A: horns 2, retaliatory headbutt
a: Renounce Religion, Evoke Invisibility, Berserk, Trog's Hand, Brothers in Arms


You were on level 2 of the Swamp.
You worshipped Trog.
Trog was extremely pleased with you.
You visited 6 branches of the dungeon, and saw 27 of its levels.
You also visited: Ossuary, Ice Cave and Volcano.

You collected 3120 gold pieces.
You spent 228 gold pieces at shops.

Inventory:

Hand Weapons
 z - a +9 antimagic demon trident (weapon)
 J - a +5 antimagic broad axe
Missiles
 e - 65 poisoned darts (quivered)
 o - 24 javelins
 W - 4 throwing nets
Armour
 h - a +2 kite shield (worn)
 i - a +1 pair of boots
 m - a +2 ring mail of fire resistance
 w - a scarf of resistance (worn)
 G - an orb of mayhem
 I - a +0 pair of gloves (worn)
 O - the +0 pair of boots of True Grit (worn) {+Inv Fly rF++ Int-3}
   (You found it on level 6 of the Dungeon)

   Int:       It affects your intelligence (-3).
   rF:        It greatly protects you from fire.
   +Inv:      It lets you turn invisible.
   Fly:       It grants you flight.
 R - a +0 hat of stealth (worn)
 U - a +2 plate armour (worn)
Jewellery
 a - an amulet of the acrobat
 t - a +4 ring of protection
 v - the ring "Semil" (left hand) {rPois EV+5 Str+3 Int+2}
   (You acquired it on level 12 of the Dungeon)

   [ring of evasion]

   EV:        It affects your evasion (+5).
   Str:       It affects your strength (+3).
   Int:       It affects your intelligence (+2).
   rPois:     It protects you from poison.
 B - a +4 ring of protection
 E - a ring of protection from cold
 K - the ring "Fuic" (right hand) {rElec rC+ rCorr}
   (You found it on level 4 of the Lair of Beasts)

   [ring of protection from cold]

   rC:        It protects you from cold.
   rElec:     It insulates you from electricity.
   rCorr:     It protects you from acid and corrosion.
 S - an amulet of regeneration (around neck)
 X - a +6 ring of strength
 Y - an amulet of faith
Wands
 g - a wand of charming (41)
 p - a wand of digging (18)
 r - a wand of roots (24)
 M - a wand of light (6)
 N - a wand of polymorph (4)
 P - a wand of flame (34)
 V - a wand of mindburst (11)
Scrolls
 j - a scroll of summoning
 l - 4 scrolls of blinking
 q - 2 scrolls of brand weapon
 u - 3 scrolls of fog
 x - 6 scrolls of poison
 y - 9 scrolls of teleportation
 C - a scroll of immolation
 F - a scroll of enchant weapon
 H - 12 scrolls of identify
 Q - a scroll of magic mapping
 Z - 2 scrolls of fear
Potions
 b - 2 potions of ambrosia
 c - a potion of magic
 d - 6 potions of might
 f - 2 potions of cancellation
 k - 5 potions of lignification
 n - 3 potions of invisibility
 s - 3 potions of mutation
 A - 3 potions of resistance
 D - 7 potions of haste
 L - 12 potions of curing
 T - 2 potions of heal wounds


   Skills:
 + Level 20.3 Fighting
 - Level 3.5(13.4) Axes
 - Level 19.8(19.9) Polearms
 - Level 10.0 Throwing
 + Level 16.0 Armour
 + Level 13.2 Shields
 - Level 7.0 Evocations


You had 16 spell levels left.
You didn't know any spells.
Your spell library was empty.

Dungeon Overview and Level Annotations

Branches:
Dungeon (15/15)            Temple (1/1) D:4            Lair (5/5) D:10
  Swamp (2/4) Lair:3        Snake (0/4) Lair:2        Slime (0/5) Lair:4
    Orc (2/2) D:9             Elf (2/3) Orc:2        Vaults (0/5) D:14
 Depths (0/4) D:15        Ossuary (visited)           IceCv (visited)
Volcano (visited)

Altars:
Ashenzari
Cheibriados
Dithmenos
Elyvilon
Fedhas
Gozag
Hepliaklqana
Kikubaaqudgha
Makhleb
Nemelex Xobeh
Okawaru
Qazlal
Ru
Sif Muna
Trog
Uskayaw
Vehumet
Wu Jian
Xom
Yredelemnul
Zin
The Shining One
Jiyva

Shops:
D:8 [   Orc:2 :=(*   Elf:2 (

Annotations:
D:8 6 runed translucent doors
D:9 2 transporters, cforsyth's ghost, journeyman DjCj
D:10 1 runed translucent door, deadpool521's ghost, novice HOFi
D:15 Rupert


Innate Abilities, Weirdness & Mutations

You have a pair of horns on your head.
You reflexively headbutt those who attack you in melee.


Message History

The grasping roots constrict you! You block the hornet's attack.
You hit the shambling mangrove.
Your headbutt misses the shambling mangrove.
The shambling mangrove is almost destroyed.
The hornet stings you!
The hornet stings you but does no damage.
The hornet closely misses you. You furiously retaliate!
You headbutt the hornet! You block the hornet's attack. The hornet stings you.
* * * LOW HITPOINT WARNING * * *
You feel as though you will be slow longer.
You hit the shambling mangrove. You headbutt the shambling mangrove!
The shambling mangrove is almost destroyed.
You block the hornet's attack. The hornet completely misses you.
The hornet stings you but does no damage.
The shambling mangrove hits you!
* * * LOW HITPOINT WARNING * * *
The grasping roots constrict you!
* * * LOW HITPOINT WARNING * * *
The hornet stings you but does no damage.
You don't know any spells.
Aiming: Mindburst
Press: ? - help, Shift-Dir - straight line, f - shambling mangrove
Aim: a shambling mangrove (almost destroyed, chance to affect: 23%)
Okay, then.
Aiming: Throw Flame
Press: ? - help, Shift-Dir - straight line The puff of flame hits the shambling mangrove but does no damage.
The shambling mangrove is almost destroyed.
You block the hornet's attack. x2; The hornet closely misses you.
The hornet stings you.
* * * LOW HITPOINT WARNING * * *
The hornet stings you but does no damage.
The shambling mangrove hits you!
* * * LOW HITPOINT WARNING * * *
The grasping roots constrict you.
The hornet stings you but does no damage.
The hornet stings you!
* * * LOW HITPOINT WARNING * * *
The hornet stings you!
You die...

≈≈≈≈~~.~♣♣ ♣♣
~~.♣...≈≈≈≈≈≈≈~..~.♣♣♣.
§<..~.~~≈≈≈~~.♣.§.♣~~~
...~....~.~..~~~..~~§
♣~..~...♣.~~~..~~..†.
♣♣.~~~)~~♣.§~~..~~..♣.
♣♣♣~~.~~~~~.~.~~.~~~~♣♣♣
♣.~~♣.f......♣.~~~~~.♣♣♣
~.~~§~y@y[..♣♣♣.~~~~~..♣
§~~~~~y~.~~~~♣♣♣..~~§~.♣
~~~~.?.♣.~~§~♣~~~~~~~~.~
~...♣♣♣♣.~~~~♣.~~~~~~..♣
♣♣♣ ♣~~~~.~♣...~......
♣♣.~~~.~~.....~..~
♣...~~~~~.~~~♣♣♣♣
♣♣~~....~..~[♣
♣♣♣♣~~~~...~♣


You could see a shambling mangrove and 3 hornets.

Vanquished Creatures
  Jorgrun (D:13)
  Kirke (D:13)
  A bunyip (Swamp:1)
  A deep elf high priest (Elf:1)
  9 hydras
  A rakshasa (D:11)
  8 vault guards (D:14)
  2 ogre magi
  A catoblepas (D:9)
  3 alligators (Swamp:1)
  3 centaur warriors
  17 dancing weapons
  10 two-headed ogres
  A tengu warrior (D:15)
  A death knight (D:12)
  A death yak (Lair:4)
  A hell knight (Volcano)
  4 skysharks
  19 deep elf knights
  3 goliath frogs
  A spriggan druid (Swamp:1)
  A fire crab (Lair:4)
  4 swamp dragons (Swamp:1)
  2 deep elf archers (Elf:1)
  6 orc knights
  A wizard (D:15)
  A harpy (shapeshifter) (Elf:1)
  20 deep elf pyromancers
  17 deep elf zephyrmancers
  3 manticores
  An orc sorcerer (Orc:2)
  2 will-o-the-wisps
  31 ugly things
  3 cyclopes
  A salamander (D:15)
  14 elephants
  2 molten gargoyles (Volcano)
  3 gargoyles
  13 black mambas
  An unseen horror zombie (D:9)
  13 cane toads
  2 ice statues (IceCv)
  3 torpor snails (Lair:4)
  An unseen horror (D:10)
  A freezing wraith (IceCv)
  A yaktaur (shapeshifter) (D:10)
  14 komodo dragons
  3 rime drakes
  A queen bee (D:10)
  7 hornets (Lair:5)
  6 polar bears
  10 trolls
  2 tyrant leeches
  19 blink frogs
  A snapping turtle (shapeshifter) (D:15)
  2 dream sheep (Lair:4)
  A jumping spider (D:8)
  4 air elementals
  12 slime creatures
  3 shadows
  2 culicivoras (shapeshifter)
  15 spriggans (Lair:5)
  10 wyverns
  3 wraiths
  2 fire bats (Volcano)
  3 vampires
  A water elemental (Elf:2)
  55 yaks
  A dire elephant simulacrum (IceCv)
  2 fire elementals (Elf:1)
  2 hogs (D:13)
  9 basilisks
  3 steam dragons
  2 redbacks (D:8)
  3 vampire mosquitoes (D:14)
  2 swamp worms
  5 wargs
  23 water moccasins
  A hornet zombie (Ossuary)
  32 orc warriors
  3 ice beasts
  A sky beast (D:8)
  7 black bears
  9 ogres
  5 boggarts
  28 wolves
  22 centaurs
  6 kobold brigands
  9 bullfrogs
  4 gnoll sergeants
  3 earth elementals
  4 scorpions
  A water moccasin zombie (Ossuary)
  3 wyvern zombies
  2 cane toad simulacra (IceCv)
  6 wights (D:10)
  18 killer bees
  6 electric eels
  6 howler monkeys
  8 centaur zombies
  4 lava snakes (Volcano)
  5 bullfrog zombies (Ossuary)
  3 jellies
  17 orc priests
  Jessica (D:2)
  Ijyb (D:5)
  2 iguanas
  11 orc wizards
  2 troll simulacra (D:11)
  2 spriggan simulacra (D:11)
  4 killer bee zombies
  2 howler monkey zombies
  10 mummies (Ossuary)
  6 adders
  11 gnolls
  A shadow imp (D:7)
  5 white imps
  An ufetubus (D:4)
  4 worms
  3 dart slugs
  66 orcs
  8 ball pythons
  9 endoplasms
  9 hobgoblins
  3 jackals (D:3)
  14 kobolds
  A quokka (D:4)
  8 bats
  6 frilled lizards
  8 goblins
  7 rats
882 creatures vanquished.

Vanquished Creatures (collateral kills)
  Frances (D:13)
  A hydra (Lair:2)
  A boulder beetle (Lair:1)
  A polar bear (Lair:5)
  A basilisk (Lair:1)
  An orc warrior (Orc:2)
  A centaur (Orc:2)
7 creatures vanquished.

Vanquished Creatures (others)
  2 deep elf knights
  2 bloated husks (Swamp:1)
  A basilisk (D:13)
  A human (D:13)
  2 howler monkeys (D:13)
  A bush (Lair:5)
  6 foxfires
  30 fungi
  76 plants
  9 withered plants (Ossuary)
130 creatures vanquished.

Grand Total: 1019 creatures vanquished

Notes
Turn   | Place    | Note
-------+----------+-------------------------------------------
     0 | D:1      | nooxmaroon the Minotaur Fighter began the quest for the
                  | Orb.
     0 | D:1      | Reached XP level 1. HP: 19/19 MP: 0/0
    11 | D:1      | Found a faded altar of an unknown god.
   165 | D:1      | Reached XP level 2. HP: 27/27 MP: 1/1
   389 | D:1      | Reached skill level 4 in Fighting
   838 | D:2      | Noticed Jessica
   844 | D:2      | Killed Jessica
   845 | D:2      | Reached XP level 3. HP: 31/34 MP: 2/2
  1097 | D:2      | Identified the +1 scale mail of Poor Excuses {Rampage rCorr
                  | Str+3}
  1198 | D:2      | Reached XP level 4. HP: 41/41 MP: 3/3
  1398 | D:2      | Identified the +8 trident of Ethereal Guile {heavy, Fly}
  1754 | D:3      | Reached skill level 1 in Polearms
  1892 | D:3      | Reached XP level 5. HP: 45/47 MP: 4/4
  2216 | D:3      | Found a shimmering blue altar of Sif Muna.
  2420 | D:4      | Found a staircase to the Ecumenical Temple.
  2422 | D:4      | Noticed a centaur
  2446 | D:4      | Killed a centaur
  2447 | D:4      | Reached skill level 5 in Polearms
  2447 | D:4      | Reached XP level 6. HP: 53/53 MP: 5/5
  2476 | Temple   | Entered the Ecumenical Temple
  2520 | Temple   | Became a worshipper of Trog the Wrathful
  2571 | D:4      | Found a sand-covered staircase.
  2589 | Ossuary  | Entered an ossuary
  2630 | Ossuary  | Reached XP level 7. HP: 54/60 MP: 6/6
  2761 | Ossuary  | Reached * piety under Trog
  2984 | Ossuary  | Reached XP level 8. HP: 67/67 MP: 7/7
  2988 | Ossuary  | Reached skill level 10 in Polearms
  3538 | D:4      | Found a shimmering altar of Xom.
  3538 | D:4      | Found a sacrificial altar of Ru.
  3821 | D:5      | Entered Level 5 of the Dungeon
  3902 | D:5      | Noticed Ijyb
  3912 | D:5      | Killed Ijyb
  4137 | D:5      | Found a hide-covered altar of Uskayaw.
  4270 | D:5      | Found a shadowy altar of Dithmenos.
  4270 | D:5      | Found an ornate altar of the Wu Jian Council.
  5031 | D:6      | You are sucked into a shaft and drop 2 floors!
  5059 | D:8      | Found Cydeor's Antique Armour Emporium.
  5147 | D:8      | Identified the +5 mace of Imminent Death {heavy, *Rage
                  | rC+++ rN+ Stlth+}
  5262 | D:8      | Reached XP level 9. HP: 71/72 MP: 8/8
  5324 | D:8      | Bought a hat for 92 gold pieces
  5912 | D:7      | Reached ** piety under Trog
  7120 | D:6      | Identified the +0 pair of boots of True Grit {+Inv Fly rF++
                  | Int-3}
  7624 | D:8      | Found a runed translucent door.
  7798 | D:8      | Identified the +10 quarterstaff "Geatwam" {freeze, rElec
                  | Str+4}
  8127 | D:8      | Reached skill level 1 in Evocations
  8137 | D:8      | Reached skill level 5 in Fighting
  8137 | D:8      | Reached skill level 5 in Shields
  8202 | D:8      | Found a runed translucent gate.
  8202 | D:8      | Found a runed translucent gate.
  8202 | D:8      | Found a runed translucent gate.
  8202 | D:8      | Found a runed translucent gate.
  8203 | D:8      | Found a runed translucent gate.
  8338 | D:8      | Found a runed translucent gate.
  8338 | D:8      | Noticed a lindwurm
  8338 | D:8      | Noticed a boulder beetle
  8339 | D:8      | Noticed a boulder beetle
  8534 | D:9      | Reached skill level 5 in Armour
  8534 | D:9      | Reached XP level 10. HP: 82/82 MP: 9/9
  8640 | D:9      | Reached *** piety under Trog
  8755 | D:9      | Reached skill level 6 in Fighting
  8773 | D:9      | Found a basalt altar of Yredelemnul.
  8959 | D:9      | Reached skill level 7 in Fighting
  9032 | D:9      | Noticed a two-headed ogre
  9039 | D:9      | Noticed a two-headed ogre
  9049 | D:9      | Noticed a two-headed ogre
  9049 | D:9      | Noticed cforsyth's ghost (journeyman DjCj)
  9049 | D:9      | Noticed a centaur warrior
  9050 | D:9      | Noticed a deep elf pyromancer
  9093 | D:9      | Found a transporter.
  9147 | D:9      | Found a transporter.
  9220 | D:9      | Found a staircase to the Orcish Mines.
  9260 | D:9      | Reached **** piety under Trog
  9444 | D:9      | Reached XP level 11. HP: 88/94 MP: 10/10
  9452 | D:9      | Reached skill level 8 in Fighting
  9632 | D:10     | Entered Level 10 of the Dungeon
  9632 | D:10     | Found the +7 sceptre of Torment {pain, torment}
  9664 | D:10     | Reached skill level 1 in Throwing
  9667 | D:10     | Noticed an orc knight
  9682 | D:10     | Killed an orc knight
  9708 | D:10     | Noticed a catoblepas
  9750 | D:9      | Killed a catoblepas
  9895 | D:10     | Noticed deadpool521's ghost (novice HOFi)
  9895 | D:10     | Found a runed translucent door.
  9951 | D:10     | Found a staircase to the Lair.
 10221 | D:10     | Reached skill level 9 in Fighting
 10317 | D:10     | Found the +6 shillelagh "Devastator" {shatter}
 10857 | Lair:1   | Entered Level 1 of the Lair of Beasts
 11357 | Lair:1   | Reached XP level 12. HP: 101/106 MP: 11/11
 11364 | Lair:1   | Noticed a boulder beetle
 11366 | Lair:1   | Reached skill level 10 in Shields
 11378 | Lair:1   | Reached skill level 10 in Fighting
 11468 | Lair:1   | Killed a boulder beetle
 11485 | Lair:1   | Reached skill level 5 in Throwing
 11498 | Lair:1   | Reached skill level 10 in Armour
 12360 | Lair:2   | Reached ***** piety under Trog
 12364 | Lair:2   | Reached skill level 11 in Fighting
 12471 | Lair:2   | Found a staircase to the Snake Pit.
 12667 | Lair:2   | Upgraded the game from 0.30-a0-800-g7c544603b3 to
                  | 0.30-a0-808-g6e0788376e
 12781 | Lair:2   | Noticed an eight-headed hydra
 12790 | Lair:2   | Killed an eight-headed hydra
 13250 | Lair:3   | Reached XP level 13. HP: 117/117 MP: 12/12
 13314 | Lair:3   | Reached skill level 12 in Fighting
 13379 | Lair:3   | Found a staircase to the Swamp.
 14272 | Lair:4   | Found a viscous altar of Jiyva.
 14273 | Lair:4   | Found a staircase to the Slime Pits.
 14347 | Lair:4   | Identified the ring "Fuic" {rElec rC+ rCorr}
 14586 | Lair:4   | Received a gift from Trog
 14822 | Lair:4   | Reached skill level 13 in Fighting
 16164 | Lair:5   | Entered Level 5 of the Lair of Beasts
 16273 | Lair:5   | Paralysed by a hornet for 2 turns
 16278 | Lair:5   | Reached XP level 14. HP: 114/130 MP: 13/13
 16359 | Lair:5   | Identified the +1 flail "Saghab" {drain, rPois rC- Str+5}
 16389 | Lair:5   | Reached skill level 14 in Fighting
 16549 | Lair:5   | Reached skill level 10 in Throwing
 16570 | Lair:5   | Found a dark tunnel.
 16579 | Volcano  | Entered a volcano
 16816 | Volcano  | Found a burning altar of Makhleb.
 17292 | Lair:5   | Upgraded the game from 0.30-a0-808-g6e0788376e to
                  | 0.30-a0-830-gfe289a77b0
 17393 | Lair:5   | Received a gift from Trog
 17425 | Lair:5   | Paralysed by a hornet for 3 turns
 17585 | Lair:5   | Reached skill level 15 in Polearms
 17730 | Lair:5   | Reached skill level 15 in Fighting
 18277 | Lair:5   | Reached skill level 15 in Armour
 19363 | D:11     | Reached skill level 5 in Evocations
 19444 | D:11     | Identified the +8 glaive "Vogor" {antimagic, Str+3} (Trog
                  | gifted it to you on level 11 of the Dungeon)
 19444 | D:11     | Received a gift from Trog
 19823 | D:11     | Found a frozen archway.
 19864 | IceCv    | Entered an ice cave
 19867 | IceCv    | Found a transporter.
 19888 | IceCv    | Identified the +4 glaive "Plog" {drain, rPois rCorr SInv}
 19894 | IceCv    | Found a transporter.
 20371 | D:12     | Reached XP level 15. HP: 143/143 MP: 4/14
 20900 | D:12     | Reached skill level 16 in Fighting
 21244 | D:12     | Identified a scroll of acquirement
 21245 | D:12     | Acquired the ring "Semil" {rPois EV+5 Str+3 Int+2}
 21391 | D:13     | Noticed Kirke
 21415 | D:13     | Killed Kirke
 21428 | D:13     | Noticed Frances
 21439 | D:13     | Killed Frances
 21834 | D:13     | Noticed Jorgrun
 21840 | D:13     | Killed Jorgrun
 22687 | D:14     | Found a gate to the Vaults.
 22701 | D:14     | Received a gift from Trog
 23330 | D:14     | Reached skill level 17 in Fighting
 23657 | D:15     | Entered Level 15 of the Dungeon
 24605 | D:15     | Found a staircase to the Depths.
 24698 | D:15     | Found a stormy altar of Qazlal.
 24756 | D:15     | Reached skill level 18 in Fighting
 25041 | D:15     | Noticed Rupert
 25603 | D:14     | Upgraded the game from 0.30-a0-830-gfe289a77b0 to
                  | 0.30-a0-862-g1aabd4f9c5
 25762 | Orc:1    | Entered Level 1 of the Orcish Mines
 25889 | Orc:2    | Entered Level 2 of the Orcish Mines
 25901 | Orc:2    | Reached XP level 16. HP: 157/157 MP: 5/15
 26066 | Orc:2    | Found a staircase to the Elven Halls.
 26372 | Orc:2    | Received a gift from Trog
 27053 | Orc:2    | Found Xohusmu's Book Shop.
 27054 | Orc:2    | Found Cixahati's Antique Weapon Emporium.
 27054 | Orc:2    | Found Vuaq's Jewellery Boutique.
 27059 | Orc:2    | Found Uho Byhu's General Store.
 27084 | Orc:2    | Bought a potion of lignification for 51 gold pieces
 27084 | Orc:2    | Bought a potion of heal wounds for 85 gold pieces
 27666 | Elf:1    | Entered Level 1 of the Elven Halls
 28405 | Elf:1    | Reached skill level 19 in Fighting
 28674 | Elf:1    | Identified the +3 scimitar of Wemasum {drain, rElec rC+}
 28706 | Elf:1    | Paralysed by an air elemental for 1 turns
 28712 | Elf:1    | Paralysed by an air elemental for 1 turns
 29103 | Elf:2    | Paralysed by an air elemental for 1 turns
 29737 | Elf:2    | Found a huge runed translucent gate.
 29740 | Elf:2    | Found a huge runed translucent gate.
 29746 | Elf:2    | Found a huge runed translucent gate.
 29747 | Elf:2    | Found a huge runed translucent gate.
 29748 | Elf:2    | Found a huge runed translucent gate.
 29942 | Elf:2    | Found Poff's Weapon Boutique.
 30560 | Elf:2    | Reached skill level 20 in Fighting
 30573 | Elf:2    | Reached ****** piety under Trog
 30614 | Elf:2    | Received a gift from Trog
 30651 | Elf:2    | Reached XP level 17. HP: 119/170 MP: 5/16
 31060 | Swamp:1  | Entered Level 1 of the Swamp
 32090 | Swamp:2  | HP: 4/171 [hornet[a shambling mangrove] (10)]
 32090 | Swamp:2  | Mangled by a hornet

Illustrated notes

Levels and vault maps discovered:
D:1:      reono_arrival_mine, layout_loops_cross,
          ebering_ecumenical_altar_ruins, minivault_23,
          roderic_cross_of_infinity
D:2:      layout_loops_ring, amcnicky_mini_pool_small,
          kennysheep_generic_room_4, uniq_jessica
D:3:      layout_basic, tgw_sif, kennysheep_generic_room_12
D:4:      layout_loops_cross, gammafunk_temple_overflow_wave,
          minmay_temple_entry_glass, nicolae_ossuary_entry_monument
D:5:      layout_gridville, nicolae_uskayaw_murder_on_the_dancefloor,
          gammafunk_temple_overflow_elements, uniq_ijyb
D:6:      layout_basic, minmay_misc_feat_rows, minmay_misc_feat_ornament
D:7:      layout_layer_cave, lightli_bailey_entry_fortress
D:8:      gammafunk_indiana_jones, layout_basic, serial_shops,
          nicolae_shop_overgrown_old_shop
D:9:      layout_basic, nicolae_yredelemnul_corpse_copse,
          kennysheep_orc_monster_closet_entryway, nzn_ghost_randoct,
          nicolae_two_hexagons
D:10:     cheibrodos_elevator_heist, layout_basic, erik_lair_orcish_takeover,
          serial_rivers, chequers_serial_rivers_micro_e,
          chequers_serial_rivers_small_3, chequers_serial_rivers_micro_c,
          chequers_serial_rivers_marsh, hellmonk_ghost_happy_afterlife,
          grunt_decor_arrowhead, nicolae_looking_at_the_future
D:11:     layout_roguey, portal_ice_cave_entry_ice_simulacra, special_room
          [special_room_orc]
D:12:     layout_loops_ring, minmay_splitting_lines
D:13:     layout_gridville, gauntlet_entry_generic, uniq_jorgrun, uniq_kirke,
          uniq_frances
D:14:     layout_irregular_city, erik_vaults_2
D:15:     hangedman_depths_entry_try_elsewhere_first, layout_basic,
          nicolae_qazlal_general_emergency, uniq_rupert
Temple:   nicolae_temple_no_exploring_needed
Lair:1:   beast_lair_carwin_large_1, layout_small_grid,
          cheibrodos_lair_reptile_den, grunt_megastairs_4
Lair:2:   layout_big_grid, minmay_snake_entry_six_corridors, beast_lair_carwin_4
Lair:3:   layout_cave_pods, minmay_swamp_entry_eels, st_stairs_10
Lair:4:   nzn_winding_woodlands_huge [nzn_winding_woodlands_5x15_crooked,
          nzn_winding_woodlands_5x15_pockets, nzn_winding_woodlands_5x15_parted,
          nzn_winding_woodlands_5x15_pathside_ponds,
          nzn_winding_woodlands_5x15_sidewinder,
          nzn_winding_woodlands_5x15_pool, nzn_winding_woodlands_5x15_eye,
          nzn_winding_woodlands_5x15_twine,
          nzn_winding_woodlands_5x15_longhouse,
          nzn_winding_woodlands_5x15_zeroes,
          nzn_winding_woodlands_center_diamonds,
          nzn_winding_woodlands_center_triple_pond,
          nzn_winding_woodlands_15x15_boxy_spiral], layout_regular_city,
          dpeg_slime_entry_enclosed, nicolae_quartered_pool_medium
Lair:5:   minmay_lair_end_enchanted_forest, layout_cellular_growth,
          nicolae_volcano_entry_two_sided, infiniplex_staircase_pool,
          serial_bayou_shore_a
Swamp:1:  layout_basic_swamp, evilmike_swamp_ruin_house_5, swamp_pool1
Swamp:2:  layout_basic_swamp, infiniplex_staircase_pool_2
Orc:1:    layout_diamond_mine
Orc:2:    st_orc_rangers, layout_caves
Elf:1:    kennysheep_ambush_hall, layout_geoelf_diagonals,
          kennysheep_underground_church
Elf:2:    elven_hall_of_blades_hangedman_alternative
          [nicolae_vaults_blade_armed_guards], layout_onion_city, serial_shops,
          shop_coins

Skill      XL: |  1  2  3  4  5  6  7  8  9 10 11 12 13 14 15 16 17 |
---------------+----------------------------------------------------+-----
Shields        | 4 5 7 9 11 12 13 | 13.2
Fighting       | 4 5 7 9 11 13 15 18 20 | 20.3
Axes           | 3 |  3.5
Polearms       | 3 5 7 9 13 14 15 18 19 | 19.8
Armour         | 5 7 9 11 13 15 16 | 16.0
Evocations     | 2 4 5 7 |  7.0
Throwing       | 4 7 9 10 | 10.0

Action                     |  1- 3 |  4- 6 |  7- 9 | 10-12 | 13-15 | 16-18 || total
---------------------------+-------+-------+-------+-------+-------+-------++-------
  Melee: War axe           |    61 |       |       |       |       |       ||    61
         Headbutt          |    10 |     8 |    32 |   108 |   269 |   143 ||   570
         Hand axe          |     6 |     9 |       |       |       |       ||    15
         Trident           |       |    64 |   234 |   503 |   694 |       ||  1495
         Demon trident     |       |       |       |       |   458 |   684 ||  1142
  Throw: Dart              |       |       |       |    16 |    18 |       ||    34
 Invoke: Trog's Hand       |       |       |       |     4 |     8 |     7 ||    19
         Brothers in Arms  |       |       |       |     2 |     4 |     1 ||     7
  Evoke: Wand              |       |       |       |       |     2 |     1 ||     3
    Use: Scroll            |       |    10 |    12 |     1 |    26 |     3 ||    52
         Potion            |       |       |     7 |     1 |     9 |     1 ||    18
 Armour: Scale mail        |    33 |    33 |    89 |       |       |       ||   155
         Plate armour      |       |       |       |   265 |   508 |   258 ||  1031
  Dodge: Dodged            |    29 |    24 |    84 |   127 |   279 |   236 ||   779
  Block: Buckler           |    18 |    17 |    65 |   220 |   447 |   187 ||   954
         Kite shield       |       |       |       |       |       |    92 ||    92

Table legend: (Time is in decaauts)
 A = Elapsed time spent in this place.
 B = Non-inter-level travel time spent in this place.
 C = Inter-level travel time spent in this place.
 D = Time resting spent in this place.
 E = Time spent auto-exploring this place.
 F = Levels seen in this place.
 G = Mean time per level.
                   A        B        C        D        E       F      G
               +--------+--------+--------+--------+--------+-----+--------+
         Total |  31713 |  30441 |   1272 |   3951 |   9879 |  30 | 1057.1 |
       Dungeon |  16663 |  15998 |    665 |   1697 |   6620 |  15 | 1110.9 |
        Temple |     50 |     50 |      0 |      0 |      0 |   1 |   50.0 |
          Lair |   7600 |   7299 |    301 |   1249 |   2241 |   5 | 1520.0 |
         Swamp |    998 |    948 |     50 |    149 |    290 |   2 |  499.0 |
  Orcish Mines |   1884 |   1758 |    126 |    231 |    172 |   2 |  942.0 |
   Elven Halls |   3100 |   2971 |    129 |    325 |    402 |   2 | 1550.0 |
       Ossuary |    598 |    598 |      0 |    189 |     67 |   1 |  598.0 |
      Ice Cave |    111 |    111 |      0 |      0 |      0 |   1 |  111.0 |
       Volcano |    705 |    705 |      0 |    110 |     87 |   1 |  705.0 |
               +--------+--------+--------+--------+--------+-----+--------+

Top non-repeatable levels by time:
  Lair:4: 2135 daAuts
  Lair:5: 2081 daAuts
    D:15: 1868 daAuts
   Elf:2: 1775 daAuts
     D:8: 1473 daAuts
  Lair:1: 1471 daAuts
   Orc:2: 1380 daAuts
   Elf:1: 1325 daAuts
    D:14: 1288 daAuts
    D:10: 1274 daAuts
     D:9: 1254 daAuts
     D:6: 1183 daAuts
     D:7: 1153 daAuts
    D:13: 1114 daAuts
  Lair:3: 1025 daAuts
